IL
BUFFALO BISONS @ OMAHA STORM CHASERS
05/10/2047
 
TOP OF THE 1ST
Buffalo Bisons batting - Pitching for Omaha Storm Chasers : RHP Antonio Santos
Pitching: RHP Antonio Santos
Batting: RHB Finn Ross 0-0: Ball
1-0: Called Strike
1-1: Foul Ball, location: 2F
1-2: Foul Ball, location: 2F
1-2: Fly out, F7 (Flyball, 7, EV 91.9 MPH)
Batting: RHB Michel Martineau 0-0: Swinging Strike
0-1: Ball
1-1: Foul Ball, location: 2F
1-2: Ball
2-2: Foul Ball, location: 2F
2-2: Ground out 6-3 (Groundball, 6, EV 90.0 MPH)
Batting: SHB Jack Andrews 0-0: Ground out 4-3 (Groundball, 4, EV 103.8 MPH)
Top of the 1st over - 0 runs, 0 hits, 0 errors, 0 left on base; Buffalo 0 - Omaha 0
BOTTOM OF THE 1ST
Omaha Storm Chasers batting - Pitching for Buffalo Bisons : LHP Sam Mathena
Pitching: LHP Sam Mathena
Batting: RHB Matt Belgard 0-0: Ball
1-0: Foul Ball, location: 2F
1-1: Ball
2-1: Swinging Strike
2-2: Ball
3-2: Base on Balls
Batting: LHB Justin Rupert 0-0: Ball
1-0: Ball
2-0: SINGLE (Flyball, 78S, EV 87.5 MPH)
Matt Belgard to second
Batting: LHB Robby Diaz 0-0: Grounds into double play, 6-4-3 (Groundball, 6M, EV 100.0 MPH)
Matt Belgard to third
Batting: LHB Pete Hansel 0-0: Ball
1-0: Foul Ball, location: 2F
1-1: Swinging Strike
1-2: Ball
2-2: Ball
3-2: Fly out, F7 (Flyball, 7, EV 98.8 MPH)
Bottom of the 1st over - 0 runs, 1 hit, 0 errors, 1 left on base; Buffalo 0 - Omaha 0
TOP OF THE 2ND
Buffalo Bisons batting - Pitching for Omaha Storm Chasers : RHP Antonio Santos
Batting: RHB Brock Van Gilder 0-0: Called Strike
0-1: Ball
1-1: Fly out, F9 (Flyball, 89S, EV 89.4 MPH)
Batting: LHB Gabe Pace 0-0: Foul Ball, location: 2F
0-1: Ball
1-1: Ball
2-1: Called Strike
2-2: SINGLE (Flyball, 8LS, EV 100.6 MPH)
Batting: RHB Alex Ramos 0-0: Ball
Gabe Pace steals 2nd base (no throw)
1-0: Ball
Gabe Pace steals 3rd base
2-0: Fly out, F8 (Line Drive, 8RD, EV 95.6 MPH)
Runner from 3rd tags up, SCORES, no throw by CF
Batting: RHB Väinö Tapaninen 0-0: Called Strike
0-1: Called Strike
0-2: SINGLE (Line Drive, 8LS, EV 90.6 MPH)
Batting: RHB Darren McCarty Jr. 0-0: Fly out, F7 (Flyball, 7LMF, EV 88.8 MPH)
Top of the 2nd over - 1 run, 2 hits, 0 errors, 1 left on base; Buffalo 1 - Omaha 0
BOTTOM OF THE 2ND
Omaha Storm Chasers batting - Pitching for Buffalo Bisons : LHP Sam Mathena
Batting: LHB Manny Estrada 0-0: Ball
1-0: Called Strike
1-1: Ball
2-1: SINGLE (Groundball, 4MD, EV 109.4 MPH)
Batting: RHB Eric Sandell 0-0: SINGLE (Line Drive, 9LS, EV 111.9 MPH)
Manny Estrada to second
Batting: RHB Walt Cogswell 0-0: Called Strike
0-1: Called Strike
0-2: Ball
1-2: Ball
Wild Pitch!
Manny Estrada to third
Eric Sandell to second
2-2: Ball
3-2: Fly out, F8 (Line Drive, 8LD, EV 107.5 MPH)
Batting: RHB Aaron Matthews 0-0: Ball
1-0: Swinging Strike
1-1: Swinging Strike
1-2: Ball
2-2: Ball
3-2: Base on Balls
Batting: RHB Yuichi Takata 0-0: Ball
1-0: Called Strike
1-1: SINGLE (Groundball, 4D, EV 96.2 MPH)
Manny Estrada scores
Eric Sandell to third
Aaron Matthews to second
Batting: RHB Matt Belgard 0-0: Fielders Choice at 2nd, 6-4 (Groundball, 6, EV 83.8 MPH)
Eric Sandell scores
Aaron Matthews to third
Batting: LHB Justin Rupert 0-0: Ball
1-0: Ground out 4-3 (Groundball, 34S, EV 84.4 MPH)
Bottom of the 2nd over - 2 runs, 3 hits, 0 errors, 2 left on base; Buffalo 1 - Omaha 2
TOP OF THE 3RD
Buffalo Bisons batting - Pitching for Omaha Storm Chasers : RHP Antonio Santos
Batting: RHB Jose Garza 0-0: Foul Ball, location: 2F
0-1: Foul Ball, location: 2F
0-2: Ball
1-2: Fly out, F9 (Flyball, 89M, EV 78.8 MPH)
Batting: RHB Finn Ross 0-0: Foul Ball, location: 2F
0-1: Ball
1-1: Ball
2-1: Called Strike
2-2: Strikes out looking
Batting: RHB Michel Martineau 0-0: Ball
1-0: Called Strike
1-1: Ball
2-1: SINGLE (Flyball, 4D, EV 90.0 MPH)
Batting: SHB Jack Andrews 0-0: Called Strike
0-1: Ground out U3 (Groundball, 3L, EV 103.8 MPH)
Top of the 3rd over - 0 runs, 1 hit, 0 errors, 1 left on base; Buffalo 1 - Omaha 2
BOTTOM OF THE 3RD
Omaha Storm Chasers batting - Pitching for Buffalo Bisons : LHP Sam Mathena
Batting: LHB Robby Diaz 0-0: Ground out 4-3 (Groundball, 4, EV 98.1 MPH)
Batting: LHB Pete Hansel 0-0: Called Strike
0-1: Foul Ball, location: 2F
0-2: Foul Ball, location: 2F
0-2: Ball
1-2: Ball
2-2: Foul Ball, location: 2F
2-2: Foul Ball, location: 2F
2-2: Strikes out swinging
Batting: LHB Manny Estrada 0-0: Ball
1-0: Called Strike
1-1: Foul Ball, location: 2F
1-2: Ball
2-2: Strikes out looking
Bottom of the 3rd over - 0 runs, 0 hits, 0 errors, 0 left on base; Buffalo 1 - Omaha 2
TOP OF THE 4TH
Buffalo Bisons batting - Pitching for Omaha Storm Chasers : RHP Antonio Santos
Batting: RHB Brock Van Gilder 0-0: Ball
1-0: Called Strike
1-1: Ball
2-1: Swinging Strike
2-2: Foul Ball, location: 2F
2-2: Foul Ball, location: 2F
2-2: Foul Ball, location: 2F
2-2: Ball
3-2: Base on Balls
Batting: LHB Gabe Pace 0-0: Foul Ball, location: 2F
0-1: Ball
Brock Van Gilder is caught stealing 2nd base 2-6
1-1: Ground out 4-3 (Groundball, 4, EV 80.6 MPH)
Batting: RHB Alex Ramos 0-0: Called Strike
0-1: Called Strike
0-2: Ball
1-2: Ball
2-2: Ground out 6-3 (Groundball, 56, EV 88.1 MPH)
Top of the 4th over - 0 runs, 0 hits, 0 errors, 0 left on base; Buffalo 1 - Omaha 2
BOTTOM OF THE 4TH
Omaha Storm Chasers batting - Pitching for Buffalo Bisons : LHP Sam Mathena
Batting: RHB Eric Sandell 0-0: Swinging Strike
0-1: Swinging Strike
0-2: SINGLE (Line Drive, 4M, EV 95.0 MPH)
Batting: RHB Walt Cogswell 0-0: Ball
1-0: Ball
2-0: Swinging Strike
2-1: Foul Ball, location: 2F
2-2: Ball
Wild Pitch!
Eric Sandell to second
3-2: Base on Balls
Batting: RHB Aaron Matthews 0-0: Swinging Strike
0-1: Called Strike
0-2: Ball
1-2: Ball
2-2: Ball
3-2: Base on Balls
Eric Sandell to third
Walt Cogswell to second
Batting: RHB Yuichi Takata 0-0: Ball
1-0: Called Strike
1-1: Swinging Strike
1-2: SINGLE (Groundball, 25, EV 63.8 MPH) (infield hit)
Eric Sandell scores
Walt Cogswell to third
Aaron Matthews to second
Batting: RHB Matt Belgard 0-0: Swinging Strike
0-1: Called Strike
0-2: GRAND SLAM HOME RUN (Flyball, 7LD, EV 95.6 MPH), Distance : 331 ft
Pitching: RHP Art Nobles
Batting: LHB Justin Rupert 0-0: Foul Ball, location: 2F
0-1: Ball
1-1: Ground out U3 (Groundball, 34, EV 102.5 MPH)
Batting: LHB Robby Diaz 0-0: Ball
1-0: Called Strike
1-1: Foul Ball, location: 2F
1-2: Ball
2-2: Ground out 4-3 (Groundball, 34D, EV 86.2 MPH)
Batting: LHB Pete Hansel 0-0: Called Strike
0-1: Foul Ball, location: 2F
0-2: Foul Ball, location: 2F
0-2: Foul Ball, location: 2F
0-2: SINGLE (Groundball, 34D, EV 104.4 MPH)
Batting: LHB Manny Estrada 0-0: Fly out, F8 (Flyball, 8RD, EV 92.5 MPH)
Bottom of the 4th over - 5 runs, 4 hits, 0 errors, 1 left on base; Buffalo 1 - Omaha 7
TOP OF THE 5TH
Buffalo Bisons batting - Pitching for Omaha Storm Chasers : RHP Antonio Santos
Batting: RHB Väinö Tapaninen 0-0: Ground out 6-3 (Groundball, 56D, EV 103.8 MPH)
Batting: RHB Darren McCarty Jr. 0-0: Called Strike
0-1: Swinging Strike
0-2: Ball
1-2: Strikes out swinging
Batting: RHB Jose Garza 0-0: Called Strike
0-1: Ball
1-1: Ball
2-1: Swinging Strike
2-2: Foul Ball, location: 2F
2-2: Foul Ball, location: 2F
2-2: Ball
3-2: Foul Ball, location: 2F
3-2: Foul Ball, location: 2F
3-2: Foul Ball, location: 2F
3-2: Ground out 5-3 (Groundball, 56, EV 101.9 MPH)
Top of the 5th over - 0 runs, 0 hits, 0 errors, 0 left on base; Buffalo 1 - Omaha 7
BOTTOM OF THE 5TH
Omaha Storm Chasers batting - Pitching for Buffalo Bisons : RHP Art Nobles
Batting: RHB Eric Sandell 0-0: Ball
1-0: Swinging Strike
1-1: Swinging Strike
1-2: Foul Ball, location: 2F
1-2: Ball
2-2: Strikes out swinging
Batting: RHB Walt Cogswell 0-0: Ball
1-0: Ball
2-0: Called Strike
2-1: Ball
3-1: Base on Balls
Batting: RHB Aaron Matthews 0-0: Ball
1-0: Called Strike
1-1: Foul Ball, location: 2F
1-2: Strikes out swinging
Batting: RHB Yuichi Takata 0-0: Called Strike
0-1: Ball
1-1: Called Strike
1-2: Foul Ball, location: 2F
1-2: Ball
2-2: Foul Ball, location: 2F
2-2: Ball
3-2: Base on Balls
Walt Cogswell to second
Batting: RHB Matt Belgard 0-0: Called Strike
0-1: Ball
1-1: Called Strike
1-2: Ball
2-2: Fielders Choice at 2nd, 6-4 (Groundball, 56, EV 108.1 MPH)
Bottom of the 5th over - 0 runs, 0 hits, 0 errors, 2 left on base; Buffalo 1 - Omaha 7
TOP OF THE 6TH
Buffalo Bisons batting - Pitching for Omaha Storm Chasers : RHP Antonio Santos
Pitching: RHP Dennis Holifield
Batting: RHB Finn Ross 0-0: Ball
1-0: Ball
2-0: Ball
3-0: Base on Balls
Batting: RHB Michel Martineau 0-0: Foul Ball, location: 2F
0-1: Called Strike
0-2: Foul Ball, location: 2F
0-2: Ball
1-2: Ball
2-2: SINGLE (Line Drive, 6D, EV 98.8 MPH)
Finn Ross to second
Runner from 2nd tries for 3rd, SAFE, throw by CF made to third
Batting: SHB Jack Andrews 0-0: Ball
Michel Martineau steals 2nd base (no throw)
1-0: Foul Ball, location: 2F
1-1: SINGLE (Flyball, 78S, EV 91.2 MPH)
Finn Ross scores
Michel Martineau to third
Runner from 3rd tries for Home, SAFE, throw by LF to home
Batting: RHB Brock Van Gilder 0-0: Called Strike
0-1: Ball
1-1: Ball
Jack Andrews steals 2nd base (no throw)
2-1: Ball
3-1: Called Strike
3-2: Foul Ball, location: 2F
3-2: Ground out 1-3 (Groundball, 25, EV 71.2 MPH)
Batting: LHB Gabe Pace 0-0: Ball
Jack Andrews steals 3rd base
1-0: Foul Ball, location: 2F
1-1: Swinging Strike
1-2: Ball
2-2: Ball
3-2: Base on Balls
Batting: RHB Alex Ramos 0-0: Ball
Gabe Pace steals 2nd base
1-0: Called Strike
1-1: Ball
2-1: Ball
3-1: Foul Ball, location: 2F
3-2: Base on Balls
Batting: RHB Väinö Tapaninen 0-0: Fly out, F7 (Line Drive, 7S, EV 94.4 MPH)
Batting: RHB Darren McCarty Jr. 0-0: Ball
1-0: Foul Ball, location: 2F
1-1: Foul Ball, location: 2F
1-2: Ball
2-2: Ball
3-2: SINGLE (Groundball, 56D, EV 109.4 MPH)
Jack Andrews scores
Gabe Pace to third
Alex Ramos to second
Gabe Pace scores
Alex Ramos to third
Pitching: RHP Justin Potts
Batting: RHB Jose Garza 0-0: Fly out, F8 (Flyball, 89M, EV 82.5 MPH)
Top of the 6th over - 4 runs, 3 hits, 0 errors, 2 left on base; Buffalo 5 - Omaha 7
BOTTOM OF THE 6TH
Omaha Storm Chasers batting - Pitching for Buffalo Bisons : RHP Art Nobles
Batting: LHB Justin Rupert 0-0: Foul Ball, location: 2F
0-1: Ball
1-1: Foul Ball, location: 2F
1-2: Ball
2-2: Strikes out swinging
Batting: LHB Robby Diaz 0-0: SINGLE (Groundball, 34D, EV 98.8 MPH)
Batting: LHB Pete Hansel 0-0: Ball
1-0: Foul Ball, location: 2F
1-1: Grounds into double play, 4-6-3 (Groundball, 4M, EV 88.1 MPH)
Bottom of the 6th over - 0 runs, 1 hit, 0 errors, 0 left on base; Buffalo 5 - Omaha 7
TOP OF THE 7TH
Buffalo Bisons batting - Pitching for Omaha Storm Chasers : RHP Justin Potts
Batting: RHB Finn Ross 0-0: Called Strike
0-1: Ball
1-1: Foul Ball, location: 2F
1-2: Strikes out looking
Batting: RHB Michel Martineau 0-0: Swinging Strike
0-1: Foul Ball, location: 2F
0-2: Foul Ball, location: 2F
0-2: Foul Ball, location: 2F
0-2: Ball
1-2: Ball
2-2: Fly out, F4 (Popup, 4, EV 54.4 MPH)
Batting: SHB Jack Andrews 0-0: Ball
1-0: Ball
2-0: Swinging Strike
2-1: Ball
3-1: Foul Ball, location: 2F
3-2: Ground out 4-3 (Groundball, 34, EV 108.8 MPH)
Top of the 7th over - 0 runs, 0 hits, 0 errors, 0 left on base; Buffalo 5 - Omaha 7
BOTTOM OF THE 7TH
Omaha Storm Chasers batting - Pitching for Buffalo Bisons : RHP Art Nobles
Pitching: RHP Andres Lozano
Batting: LHB Manny Estrada 0-0: Called Strike
0-1: Ball
1-1: Ground out 6-3 (Groundball, 4M, EV 86.9 MPH)
Batting: RHB Eric Sandell 0-0: Ball
1-0: Foul Ball, location: 2F
1-1: Foul Ball, location: 2F
1-2: Foul Ball, location: 2F
1-2: Ball
2-2: Foul Ball, location: 2F
2-2: Ground out 4-3 (Groundball, 4, EV 104.4 MPH)
Batting: RHB Walt Cogswell 0-0: Foul Ball, location: 2F
0-1: Swinging Strike
0-2: Foul Ball, location: 2F
0-2: Ball
1-2: Strikes out looking
Bottom of the 7th over - 0 runs, 0 hits, 0 errors, 0 left on base; Buffalo 5 - Omaha 7
TOP OF THE 8TH
Buffalo Bisons batting - Pitching for Omaha Storm Chasers : RHP Justin Potts
Batting: RHB Brock Van Gilder 0-0: Ball
1-0: Fly out, F8 (Flyball, 78XD, EV 105.6 MPH)
Batting: LHB Gabe Pace 0-0: Foul Ball, location: 2F
0-1: Fly out, F8 (Flyball, 78D, EV 93.1 MPH)
Batting: RHB Alex Ramos 0-0: Ball
1-0: Foul Ball, location: 2F
1-1: Ball
2-1: Called Strike
2-2: Strikes out swinging
Top of the 8th over - 0 runs, 0 hits, 0 errors, 0 left on base; Buffalo 5 - Omaha 7
BOTTOM OF THE 8TH
Omaha Storm Chasers batting - Pitching for Buffalo Bisons : RHP Andres Lozano
Pitching: RHP Gilberto Dominguez
Batting: RHB Aaron Matthews 0-0: Swinging Strike
0-1: Ball
1-1: Ball
2-1: Foul Ball, location: 2F
2-2: Ground out 6-3 (Groundball, 6, EV 111.9 MPH)
Batting: RHB Yuichi Takata 0-0: Ball
1-0: SINGLE (Groundball, 6MD, EV 99.4 MPH)
Batting: RHB Matt Belgard 0-0: Called Strike
0-1: Ball
1-1: Foul Ball, location: 2F
1-2: Ball
Yuichi Takata is caught stealing 2nd base 2-4
2-2: Ball
3-2: Foul Ball, location: 2F
3-2: Strikes out swinging
Bottom of the 8th over - 0 runs, 1 hit, 0 errors, 0 left on base; Buffalo 5 - Omaha 7
TOP OF THE 9TH
Buffalo Bisons batting - Pitching for Omaha Storm Chasers : RHP Justin Potts
Batting: RHB Väinö Tapaninen 0-0: Ball
1-0: Ball
2-0: SINGLE (Flyball, 89S, EV 87.5 MPH)
Batting: RHB Darren McCarty Jr. 0-0: Ball
1-0: Ball
2-0: Called Strike
2-1: Ball
3-1: Foul Ball, location: 2F
3-2: Base on Balls
Väinö Tapaninen to second
Batting: RHB Jose Garza 0-0: Ball
1-0: Called Strike
1-1: Sac Bunt to 15S - play at first, batter safe!
Väinö Tapaninen to third
Darren McCarty Jr. to second
Pitching: RHP Tom Jensen
Batting: RHB Finn Ross 0-0: Ball
1-0: Called Strike
1-1: Foul Ball, location: 2F
1-2: Ball
2-2: Strikes out swinging
Batting: RHB Michel Martineau 0-0: Ball
1-0: Called Strike
1-1: Ball
2-1: Fly out, F2 (Popup, 23F, EV 81.9 MPH)
Batting: SHB Jack Andrews 0-0: SINGLE (Groundball, 34D, EV 105.6 MPH)
Väinö Tapaninen scores
Darren McCarty Jr. to third
Jose Garza to second
Runner from 3rd tries for Home, SAFE, throw by RF to home
Jose Garza to third
Jack Andrews to second
Batting: RHB Brock Van Gilder 0-0: Foul Ball, location: 2F
0-1: Ball
1-1: Ball
2-1: Called Strike
2-2: Strikes out swinging
Top of the 9th over - 2 runs, 3 hits, 0 errors, 2 left on base; Buffalo 7 - Omaha 7
BOTTOM OF THE 9TH
Omaha Storm Chasers batting - Pitching for Buffalo Bisons : RHP Gilberto Dominguez
Pitching: RHP Dave Kurtz
Batting: LHB Justin Rupert 0-0: Ball
1-0: Ground out U3 (Groundball, 3, EV 99.4 MPH)
Pitching: LHP Julio Gonzalez
Pinch Hitting: RHB Taisei Fujii 0-0: Fly out, F9 (Line Drive, 9, EV 99.4 MPH)
Batting: LHB Pete Hansel 0-0: Foul Ball, location: 2F
0-1: Foul Ball, location: 2F
0-2: Ball
1-2: Ball
2-2: Ball
3-2: Base on Balls
Pinch Hitting: SHB Ryoji Hiraoka 0-0: Ball
1-0: Called Strike
1-1: Ball
2-1: Foul Ball, location: 2F
2-2: Fielders Choice at 2nd, 6-4 (Groundball, 6, EV 98.1 MPH)
Bottom of the 9th over - 0 runs, 0 hits, 0 errors, 1 left on base; Buffalo 7 - Omaha 7
TOP OF THE 10TH
Buffalo Bisons batting - Pitching for Omaha Storm Chasers : RHP Tom Jensen
Now at 1B: Taisei Fujii
Now in RF: Ryoji Hiraoka
Batting: LHB Gabe Pace 0-0: Called Strike
0-1: Ball
1-1: Ground out 4-3 (Groundball, 4S, EV 80.0 MPH)
Batting: RHB Alex Ramos 0-0: Ball
1-0: Called Strike
1-1: Ball
2-1: Ball
3-1: Called Strike
3-2: Foul Ball, location: 2F
3-2: Foul Ball, location: 2F
3-2: Base on Balls
Batting: RHB Väinö Tapaninen 0-0: Bunted foul
0-1: Ball
1-1: Sac Bunt to 13 - play at first, batter OUT! 1-3
Alex Ramos to second
Batting: RHB Darren McCarty Jr. 0-0: Called Strike
0-1: Foul Ball, location: 2F
0-2: Fly out, F9 (Line Drive, 89D, EV 100.6 MPH)
Top of the 10th over - 0 runs, 0 hits, 0 errors, 1 left on base; Buffalo 7 - Omaha 7
BOTTOM OF THE 10TH
Omaha Storm Chasers batting - Pitching for Buffalo Bisons : LHP Julio Gonzalez
Batting: RHB Eric Sandell 0-0: Ground out U3 (Groundball, 34, EV 81.9 MPH)
Batting: RHB Walt Cogswell 0-0: Swinging Strike
0-1: Ball
1-1: Ball
2-1: Foul Ball, location: 2F
2-2: Strikes out swinging, 2-3 out at first.
Batting: RHB Aaron Matthews 0-0: Ball
1-0: Called Strike
1-1: Foul Ball, location: 2F
1-2: Ball
2-2: Ball
3-2: Base on Balls
Batting: RHB Yuichi Takata 0-0: Swinging Strike
0-1: Ball
1-1: Called Strike
1-2: Ball
Aaron Matthews is caught stealing 2nd base 2-4
Bottom of the 10th over - 0 runs, 0 hits, 0 errors, 0 left on base; Buffalo 7 - Omaha 7
TOP OF THE 11TH
Buffalo Bisons batting - Pitching for Omaha Storm Chasers : RHP Tom Jensen
Batting: RHB Jose Garza 0-0: Ball
1-0: Called Strike
1-1: DOUBLE (Line Drive, 9LM, EV 104.4 MPH)
Batting: RHB Finn Ross 0-0: Ball
1-0: Ball
2-0: Ground out 3-1 (Groundball, 34S, EV 87.5 MPH)
Jose Garza to third
Batting: RHB Michel Martineau 0-0: Ball
1-0: Ground out 4-3 (Groundball, 4, EV 86.2 MPH)
Batting: SHB Jack Andrews 0-0: Called Strike
0-1: Ball
1-1: Fly out, F8 (Flyball, 8RS, EV 90.6 MPH)
Top of the 11th over - 0 runs, 1 hit, 0 errors, 1 left on base; Buffalo 7 - Omaha 7
BOTTOM OF THE 11TH
Omaha Storm Chasers batting - Pitching for Buffalo Bisons : LHP Julio Gonzalez
Batting: RHB Yuichi Takata 0-0: Ball
1-0: Ball
2-0: Ball
3-0: Called Strike
3-1: Foul Ball, location: 2F
3-2: Fly out, F6 (Popup, 6, EV 61.9 MPH)
Batting: RHB Matt Belgard 0-0: Swinging Strike
0-1: Ball
1-1: Foul Ball, location: 2F
1-2: Strikes out swinging
Batting: LHB Justin Rupert 0-0: Ball
1-0: Called Strike
1-1: Foul Ball, location: 2F
1-2: Strikes out swinging
Bottom of the 11th over - 0 runs, 0 hits, 0 errors, 0 left on base; Buffalo 7 - Omaha 7
TOP OF THE 12TH
Buffalo Bisons batting - Pitching for Omaha Storm Chasers : RHP Tom Jensen
Batting: RHB Brock Van Gilder 0-0: Ball
1-0: Ball
2-0: Ball
3-0: Base on Balls
Pitching: RHP Mike Tuck
Batting: LHB Gabe Pace 0-0: Called Strike
0-1: Ball
1-1: Called Strike
Brock Van Gilder steals 2nd base
1-2: Ball
2-2: Strikes out swinging
Batting: RHB Alex Ramos 0-0: Called Strike
0-1: Ball
1-1: Foul Ball, location: 2F
1-2: Foul Ball, location: 2F
1-2: Foul Ball, location: 2F
1-2: Foul Ball, location: 2F
1-2: Ground out 5-3 (Groundball, 56, EV 101.2 MPH)
Batting: RHB Väinö Tapaninen 0-0: Ground out 6-3 (Groundball, 56, EV 76.9 MPH)
Top of the 12th over - 0 runs, 0 hits, 0 errors, 1 left on base; Buffalo 7 - Omaha 7
BOTTOM OF THE 12TH
Omaha Storm Chasers batting - Pitching for Buffalo Bisons : LHP Julio Gonzalez
Pitching: LHP Dylan Batstone
Batting: RHB Taisei Fujii 0-0: Called Strike
0-1: Ball
1-1: Ball
2-1: Ball
3-1: Foul Ball, location: 2F
3-2: Foul Ball, location: 2F
3-2: Ground out 6-3 (Groundball, 6M, EV 83.1 MPH)
Batting: LHB Pete Hansel 0-0: Ball
1-0: Ground out 4-3 (Groundball, 4, EV 86.2 MPH)
Batting: SHB Ryoji Hiraoka 0-0: Ball
1-0: Ball
2-0: Called Strike
2-1: Foul Ball, location: 2F
2-2: Foul Ball, location: 2F
2-2: Foul Ball, location: 2F
2-2: Ball
3-2: Foul Ball, location: 2F
3-2: Base on Balls
Batting: RHB Eric Sandell 0-0: Ball
1-0: Ball
2-0: Foul Ball, location: 2F
2-1: Fly out, F9 (Flyball, 89S, EV 96.2 MPH)
Bottom of the 12th over - 0 runs, 0 hits, 0 errors, 1 left on base; Buffalo 7 - Omaha 7
TOP OF THE 13TH
Buffalo Bisons batting - Pitching for Omaha Storm Chasers : RHP Mike Tuck
Batting: RHB Darren McCarty Jr. 0-0: Called Strike
0-1: Ball
1-1: Ground out 5-3 (Groundball, 6MS, EV 85.0 MPH)
Batting: RHB Jose Garza 0-0: Fly out, F8 (Flyball, 89M, EV 95.6 MPH)
Batting: RHB Finn Ross 0-0: Called Strike
0-1: Foul Ball, location: 2F
0-2: Foul Ball, location: 2F
0-2: Foul Ball, location: 2F
0-2: Hit by Pitch
Batting: RHB Michel Martineau 0-0: Fly out, F9 (Flyball, 9S, EV 88.8 MPH)
Top of the 13th over - 0 runs, 0 hits, 0 errors, 1 left on base; Buffalo 7 - Omaha 7
BOTTOM OF THE 13TH
Omaha Storm Chasers batting - Pitching for Buffalo Bisons : LHP Dylan Batstone
Batting: RHB Walt Cogswell 0-0: Ball
1-0: Called Strike
1-1: Called Strike
1-2: Foul Ball, location: 2F
1-2: Ball
2-2: Ball
3-2: Strikes out swinging
Batting: RHB Aaron Matthews 0-0: Foul Ball, location: 2F
0-1: Swinging Strike
0-2: Fly out, F5 (Line Drive, 5, EV 63.1 MPH)
Batting: RHB Yuichi Takata 0-0: Ball
1-0: Swinging Strike
1-1: Foul Ball, location: 2F
1-2: Strikes out swinging
Bottom of the 13th over - 0 runs, 0 hits, 0 errors, 0 left on base; Buffalo 7 - Omaha 7
TOP OF THE 14TH
Buffalo Bisons batting - Pitching for Omaha Storm Chasers : RHP Mike Tuck
Batting: SHB Jack Andrews 0-0: Swinging Strike
0-1: Foul Ball, location: 2F
0-2: Ball
1-2: Foul Ball, location: 2F
1-2: SINGLE (Groundball, 15S, EV 76.2 MPH) (infield hit)
Batting: RHB Brock Van Gilder 0-0: Called Strike
Jack Andrews steals 2nd, throwing error, E2
Jack Andrews to third
0-1: Foul Ball, location: 2F
0-2: Strikes out looking
Batting: LHB Gabe Pace 0-0: SINGLE (Groundball, 34, EV 101.2 MPH)
Jack Andrews scores
Batting: RHB Alex Ramos 0-0: Swinging Strike
0-1: Ball
1-1: Foul Ball, location: 2F
1-2: Ball
2-2: Foul Ball, location: 2F
2-2: Ball
Gabe Pace is caught stealing 2nd base 2-4
3-2: Foul Ball, location: 2F
3-2: Foul Ball, location: 2F
3-2: Foul Ball, location: 2F
3-2: Ground out 6-3 (Groundball, 6, EV 86.2 MPH)
Top of the 14th over - 1 run, 2 hits, 1 error, 0 left on base; Buffalo 8 - Omaha 7
BOTTOM OF THE 14TH
Omaha Storm Chasers batting - Pitching for Buffalo Bisons : LHP Dylan Batstone
Now at 2B: Darren McCarty Jr.
Now at 3B: John Loving
Batting: RHB Matt Belgard 0-0: Ball
1-0: Called Strike
1-1: Foul Ball, location: 2F
1-2: Ball
2-2: Ball
3-2: Foul Ball, location: 2F
3-2: Strikes out swinging
Batting: LHB Justin Rupert 0-0: Ball
1-0: Foul Ball, location: 2F
1-1: Swinging Strike
1-2: Foul Ball, location: 2F
1-2: Strikes out swinging
Pitching: LHP Vinny Zavala
Batting: RHB Taisei Fujii 0-0: Called Strike
0-1: SINGLE (Groundball, 4MD, EV 108.1 MPH)
Pinch Hitting: RHB Alex Cid 0-0: Ball
1-0: Foul Ball, location: 2F
1-1: Foul Ball, location: 2F
1-2: Foul Ball, location: 2F
1-2: Ball
2-2: Strikes out swinging
Bottom of the 14th over - 0 runs, 1 hit, 0 errors, 1 left on base; Buffalo 8 - Omaha 7
Thursday, December 15th , 2022 - OOTP Baseball 23.9 Build 102